[Event "*** SCC Grand Prix: Titled Tuesday Blitz"]
[Site "Chess.com"]
[Date "2020.07.14"]
[Round "1"]
[White "Lector118"]
[Black "maxsergej"]
[Result "1-0"]
[WhiteElo "2483"]
[BlackElo "2092"]
[TimeControl "180+1"]
[EndTime "10:07:13 PDT"]
[Termination "Lector118 won by resignation"]

1. d4 Nf6 2. Bf4 d5 3. e3 g6 4. c4 Bg7 5. Nc3 O-O 6. Nf3 c5 7. Rc1 cxd4 8. exd4 dxc4 9. Bxc4 a6 10. h3 b5 11. Bb3 Bb7 12. O-O Nc6 13. Re1 Na5 14.
Be5 Nxb3 15. axb3 Rc8 16. Qe2 Qd7 17. Na2 a5 18. Nc3 b4 19. Na4 Bxf3 20. Qxf3 Qd5 21.
Qe3 Rxc1 22. Rxc1 Rd8 23. Rc5 Qe6 24. Rxa5 Nd5 25. Qg3 f6 26. Nc5 Qf5 27. Nb7 Rd7 28. Nc5 Rd8 29. Nb7 Rd7 30. Ra8+ Kf7 31. Nd8+ Ke8 32.
Nc6+ Kf7 33. Nd8+ Ke8 34. Ne6+ Kf7 35. Nxg7 Kxg7 36. Bb8 Nb6 37. Ra6 Qb5 38. Ra1 Nd5 39. Bf4 Qd3 40. Qxd3 1-0

[Event "*** SCC Grand Prix: Titled Tuesday Blitz"]
[Site "Chess.com"]
[Date "2020.07.14"]
[Round "1"]
[White "Parhamov"]
[Black "djano"]
[Result "1-0"]
[WhiteElo "3011"]
[BlackElo "2447"]
[TimeControl "180+1"]
[EndTime "10:07:14 PDT"]
[Termination "Parhamov won on time"]

1. e4 e5 2. Nf3 Nc6 3. Bb5 a6 4. Ba4 Nf6 5. O-O Nxe4 6. d4 b5 7. Bb3 d5 8. dxe5 Be6 9. Nbd2 Be7 10. c3 O-O 11. Bc2 Nc5 12. Nb3 Ne4 13. Qe2 f5 14.
Nfd4 Nxd4 15. Nxd4 Qd7 16. f3 Ng5 17. Bxg5 Bxg5 18.
f4 Be7 19. g4 Bc5 20. Qd3 g6 21.
g5 Kg7 22. b4 Bb6 23. a4 c5 24. bxc5 Bxc5 25. axb5 axb5 26. Kg2 Bxd4 27. Qxd4 Qc6 28.
Bd3 Rfc8 29. Kf2 Rxa1 30. Rxa1 Qxc3 31. Qxc3 Rxc3 32. Ke3 b4 33. Ra7+ Kg8 34. Kd4 Rc1 35. Rb7 Rh1 36. Kc5 Rxh2 37. Kd6 Bf7 38. e6 Bxe6 39. Kxe6 h5 40. Kf6 h4 41. Bb5 1-0

[Event "*** SCC Grand Prix: Titled Tuesday Blitz"]
[Site "Chess.com"]
[Date "2020.07.14"]
[Round "1"]
[White "Harry_Rakkel"]
[Black "JoliyRoger"]
[Result "1-0"]
[WhiteElo "2578"]
[BlackElo "2264"]
[TimeControl "180+1"]
[EndTime "10:07:14 PDT"]
[Termination "Harry_Rakkel won by checkmate"]

1. d4 Nf6 2. Nf3 e6 3. Bf4 c5 4. c3 Nc6 5. Nbd2 d5 6. e3 Bd6 7. Bg3 O-O 8. Bd3 b6 9. Ne5 Bb7 10. f4 Ne7 11. O-O Ne4 12. Nxe4 dxe4 13. Be2 Nd5 14.
Bf2 f6 15. Nc4 Ba6 16. Qb3 cxd4 17. cxd4 Qe7 18. Rfc1 Rfd8 19. a4 Bb4 20. Bf1 h6 21. Rc2 Kh7 22. Rac1 Bxc4 23. Bxc4 a5 24. Bb5 f5 25.
Bc6 Ra7 26. Bxd5 exd5 27. Rc6 Rd6 28. Qc2 Rad7 29. Rc8 Rd8 30. Rxd8 Qxd8 31. Qc7 Qf6 32. Qb7 Qd8 33. Rc8 Qf6 34. h3 Qe6 35. Rc7 Qg6 36. Kh2 Bd2 37. Re7 Bb4 38. Bh4 Bd2 39. Bf2 Bb4 40. Rd7 Bd2 41. Rf7 Qe6 42. Rxg7+ Kh8 43. Rh7+ Kg8 44. Qg7# 1-0

[Event "*** SCC Grand Prix: Titled Tuesday Blitz"]
[Site "Chess.com"]
[Date "2020.07.14"]
[Round "1"]
[White "Sacbutt"]
[Black "Ranindu2003"]
[Result "0-1"]
[WhiteElo "2300"]
[BlackElo "2607"]
[TimeControl "180+1"]
[EndTime "10:07:15 PDT"]
[Termination "Ranindu2003 won on time"]

1. d4 Nf6 2. c4 e6 3. Nf3 d5 4.
Nc3 a6 5. Bg5 dxc4 6. a4 c5 7.
e3 cxd4 8. exd4 Bb4 9. Bxc4 Qc7 10. Qd3 Nbd7 11. O-O O-O 12. Rac1 Qa5 13. Bb3 h6 14. Bh4 b6 15. Ne4 Nd5 16. Bc2 Nf4 17. Qe3 Ng6 18.
Bg3 Bb7 19. Nd6 Bd5 20. b3 Rad8 21. Nc4 Bxc4 22. bxc4 Qh5 23. Rfd1 Nf6 24. h3 Rfe8 25. Bb1 Bd6 26. Bxd6 Rxd6 27. Ne5 Ne7 28. c5 bxc5 29. g4 Qh4 30. dxc5 Rd5 31. c6 Rc8 32. c7 Rxd1+ 33. Rxd1 Ned5 34. Qd3 Rxc7 35. Qg3 Qxg3+ 36. fxg3 g6 37. g5 hxg5 38. Kh2 Rc3 39. g4 Nf4 40.
Rd8+ Kg7 41. Nd7 Rxh3+ 42. Kg1 Nxg4 0-1

[Event "*** SCC Grand Prix: Titled Tuesday Blitz"]
[Site "Chess.com"]
[Date "2020.07.14"]
[Round "1"]
[White "2nd_life"]
[Black "LimaRR"]
[Result "1-0"]
[WhiteElo "2481"]
[BlackElo "2090"]
[TimeControl "180+1"]
[EndTime "10:07:15 PDT"]
[Termination "2nd_life won on time"]

1. e4 c5 2. Nf3 e6 3. c3 d5 4. exd5 exd5 5. d4 Nf6 6. Be3 cxd4 7. Bxd4 Be7 8. Be2 O-O 9. O-O Nc6 10. Nbd2 Nxd4 11.
Nxd4 Ne4 12. Bd3 Nxd2 13. Qxd2 Bf6 14. Bc2 g6 15. Rad1 Qb6 16. Bb3 Rd8 17. h3 a5 18. Ba4 Bd7 19. Bxd7 Rxd7 20. Qc2 a4 21. a3 Rd6 22. Rd2 Rc8 23. Qxa4 Rc4 24. Qe8+ Kg7 25. Rfd1 Bxd4 26. Rxd4 Rxd4 27. Qe5+ Rf6 28. Qxd4 Qxb2 29. a4 b5 30. a5 1-0

[Event "*** SCC Grand Prix: Titled Tuesday Blitz"]
[Site "Chess.com"]
[Date "2020.07.14"]
[Round "1"]
[White "Jumbo"]
[Black "albano87"]
[Result "0-1"]
[WhiteElo "2855"]
[BlackElo "2445"]
[TimeControl "180+1"]
[EndTime "10:07:16 PDT"]
[Termination "albano87 won on time"]

1. d4 d5 2. Bf4 Nf6 3. e3 e6 4. Nf3 Bd6 5. Bg3 O-O 6. c4 Bxg3 7. hxg3 h6 8. Nc3 b6 9. cxd5 exd5 10. Qc2 c5 11.
dxc5 bxc5 12. Rd1 Nc6 13. Bb5 Qb6 14. O-O Be6 15. Be2 Rac8 16. Na4 Qa5 17. a3 Ne7 18. Rc1 Bf5 19. Qd1 Rfd8 20. Rxc5 Rxc5 21. b4 Bc2 22. bxa5 Bxd1 23. Nxc5 Bxe2 24. Rb1 Rc8 25. Nb7 Ne4 26. Nd4 Ba6 27. f3 Nd2 28. Rb4 Rc1+ 29. Kh2 Nf1+ 30. Kh3 Nxe3 31. g4 Nc6 32. Nxc6 Rxc6 33.
Nd8 Rc8 34. Nb7 Nc4 35. Kg3 d4 36. Kf4 d3 0-1

[Event "*** SCC Grand Prix: Titled Tuesday Blitz"]
[Site "Chess.com"]
[Date "2020.07.14"]
[Round "1"]
[White "Timerkhanov"]
[Black "JozefKneht"]
[Result "0-1"]
[WhiteElo "2608"]
[BlackElo "2327"]
[TimeControl "180+1"]
[EndTime "10:07:16 PDT"]
[Termination "JozefKneht won by resignation"]

1. d4 Nf6 2. Bg5 d5 3. e3 Ne4 4. Bf4 c5 5. Bd3 Qb6 6. Bxe4 dxe4 7. Nc3 cxd4 8. Qxd4 Qxb2 9. Rb1 Qxc2 10. Nge2 Nc6 11.
Qc4 e5 12. Bg3 Qd3 13. Qa4 Bd6 14. O-O Qa6 15. Qxa6 bxa6 16. Nxe4 Be7 17. N2c3 O-O 18. Nd5 Bd8 19. Rfc1 Bf5 20. f3 Ne7 21. Nxe7+ Bxe7 22. Bxe5 Bxe4 23. fxe4 Rfe8 24. Bd4 Bd8 25. e5 Bb6 26.
Bxb6 axb6 27. Rxb6 Rxe5 28. Kf2 g6 29. Rc7 Ra5 30.
Rb2 Re8 31. Rc3 Re6 32. g3 Kg7 33. g4 h5 34. h3 Rg5 35. Kg3 hxg4 36. h4 Rh5 37. Rf2 Rhe5 38. Re2 Re4 39. Rd3 f5 40. Kg2 Kh6 41. Rb2 Rxe3 42. Rxe3 Rxe3 43. Rb8 Re2+ 44. Kg3 Rxa2 45. Rh8+ Kg7 46. Ra8 Ra4 47. Ra7+ Kh6 48. Ra8 Ra3+ 49. Kf4 Rf3+ 50. Ke5 g3 51. Kf6 Kh5 52. Rh8+ Kg4 53. Rg8 Kxh4 54. Rxg6 Kh3 55. Ke5 g2 56. Rh6+ Kg3 57. Rg6+ Kf2 0-1

[Event "*** SCC Grand Prix: Titled Tuesday Blitz"]
[Site "Chess.com"]
[Date "2020.07.14"]
[Round "1"]
[White "Escanor89"]
[Black "AlanZhang"]
[Result "0-1"]
[WhiteElo "2519"]
[BlackElo "2220"]
[TimeControl "180+1"]
[EndTime "10:07:16 PDT"]
[Termination "AlanZhang won by checkmate"]

1. c4 e6 2. Nc3 d5 3. d4 Nf6 4. Bg5 Be7 5. cxd5 exd5 6. Qc2 c6 7. e3 O-O 8. Bd3 Nbd7 9. Nge2 Re8 10. h3 Ne4 11. Bxe7 Qxe7 12. Bxe4 dxe4 13. O-O-O f5 14. g4 fxg4 15. hxg4 Nf6 16. g5 Nd5 17. Ng3 Nxc3 18. Qxc3 Qxg5 19. d5 Bg4 20. Rd4 cxd5 21. Kb1 Rac8 22.
Qb3 Red8 23. Qxb7 Qf6 24. Rxd5 Qxf2 25. Rxd8+ Rxd8 26. Qb3+ Kh8 27. Nxe4 Bf5 28. Ka1 Bxe4 29. Rc1 Qd2 30. Qc4 Bd5 31. Qc7 Rf8 32. a3 Qxe3 33.
Qd6 Qf3 34. Rd1 Qxd1# 0-1

[Event "*** SCC Grand Prix: Titled Tuesday Blitz"]
[Site "Chess.com"]
[Date "2020.07.14"]
[Round "1"]
[White "rugbyclub"]
[Black "Sanyura"]
[Result "1-0"]
[WhiteElo "2123"]
[BlackElo "2473"]
[TimeControl "180+1"]
[EndTime "10:07:16 PDT"]
[Termination "rugbyclub won by resignation"]

1. c4 Nf6 2. Nc3 e6 3. e4 c5 4.
Nf3 Nc6 5. d4 cxd4 6. Nxd4 Bb4 7. Nxc6 bxc6 8. Bd3 d5 9. e5 Nd7 10. f4 d4 11. a3 Qa5 12. axb4 Qxa1 13. Ne4 O-O 14. O-O g6 15. Qg4 Qa4 16. Qh4 Qxb4 17. Nf6+ Nxf6 18. exf6 Rd8 19. Rf3 e5 20. fxe5 Re8 21.
Qh6 Qf8 22. Qg5 h6 23. Qg3 Kh7 24. h4 h5 25. Qg5 Bg4 26. Rg3 Bd1 27. Bxg6+ fxg6 28. Qxg6+ Kh8 29. Bh6 Bc2 30. Bg7+ Kg8 31. Qxh5 Rxe5 32.
Bxf8+ Kxf8 33. Qh8+ Kf7 34. Qg7+ Ke6 35. Qe7+ Kf5 36.
Rg5+ 1-0

[Event "*** SCC Grand Prix: Titled Tuesday Blitz"]
[Site "Chess.com"]
[Date "2020.07.14"]
[Round "1"]
[White "sertalzin"]
[Black "Love_craft"]
[Result "0-1"]
[WhiteElo "1954"]
[BlackElo "2461"]
[TimeControl "180+1"]
[EndTime "10:07:16 PDT"]
[Termination "Love_craft won on time"]

1. d4 Nf6 2. c4 g6 3. Nc3 Bg7 4. e4 d6 5. f4 O-O 6. Nf3 Nbd7 7. e5 Ne8 8. Be3 e6 9. c5 b6 10.
cxd6 cxd6 11. Be2 Bb7 12. O-O Rc8 13. Rc1 Qe7 14. Qd2 Nc7 15. Ng5 Nd5 16. Nxd5 Bxd5 17.
b3 Rfd8 18. Rxc8 Rxc8 19. Rc1 Rxc1+ 20. Qxc1 dxe5 21. dxe5 h6 22. Nf3 Nc5 23. Bxc5 Qxc5+ 24. Qxc5 bxc5 25. Nd2 f6 26. exf6 Bxf6 27. Nc4 Bd4+ 28. Kf1 Kg7 29. Bd3 Kf6 30. g3 g5 31. fxg5+ Kxg5 32. h3 Kf6 33. Nd6 Be5 34. Ne4+ Bxe4 35. Bxe4 Bxg3 36.
Kg2 Bf4 37. Kf3 Ke5 38. a4 Bd2 39. h4 Kd4 0-1

[Event "*** SCC Grand Prix: Titled Tuesday Blitz"]
[Site "Chess.com"]
[Date "2020.07.14"]
[Round "1"]
[White "andrzej"]
[Black "Munkhzul_Turmunkh"]
[Result "0-1"]
[WhiteElo "2207"]
[BlackElo "2542"]
[TimeControl "180+1"]
[EndTime "10:07:17 PDT"]
[Termination "Munkhzul_Turmunkh won on time"]

1. d4 Nf6 2. c4 e6 3. Nf3 d5 4. g3 Be7 5. Bg2 O-O 6. O-O dxc4 7. Qc2 a6 8. a4 Bd7 9. Qxc4 Bc6 10. Nc3 b5 11. Qb3 b4 12. Nb1 Bd5 13. Qc2 Nbd7 14. Bf4 c5 15. dxc5 Nxc5 16. Nbd2 Rc8 17. Rfc1 Qb6 18. a5 Qb7 19. Qd1 Rfd8 20. Qf1 Qb5 21. Nd4 Bxg2 22. Nxb5 Bxf1 23. Na7 Bxe2 24. Nxc8 Rxc8 25.
Nb3 Nfd7 26. Be3 Bf8 27. Bxc5 Nxc5 28. Nd4 Bd3 29. Rd1 Be4 30. Rac1 Rd8 31. f3 Bb7 32. Kf1 e5 33. Nf5 Rxd1+ 34. Rxd1 g6 35. Nd6 Bxf3 36. Rc1 Bxd6 37. Rc4 Be4 38. Rxb4 Bd3+ 39.
Ke1 Bb5 40. g4 Nd3+ 0-1

[Event "*** SCC Grand Prix: Titled Tuesday Blitz"]
[Site "Chess.com"]
[Date "2020.07.14"]
[Round "1"]
[White "Colchonero64"]
[Black "eCztery"]
[Result "1/2-1/2"]
[WhiteElo "2934"]
[BlackElo "2446"]
[TimeControl "180+1"]
[EndTime "10:07:18 PDT"]
[Termination "Game drawn by agreement"]

1. e4 c5 2. Nf3 Nc6 3. Bb5 g6 4. O-O Bg7 5. Nc3 Nd4 6. Bc4 d6 7. Nxd4 cxd4 8. Ne2 Nf6 9. d3 e5 10. c3 dxc3 11. Nxc3 O-O 12. Bg5 Be6 13. Qb3 Qd7 14. Rac1 h6 15. Bxf6 Bxf6 16. Nd5 Bxd5 17. Bxd5 Bg5 18.
Rc3 Rab8 19. h4 Bxh4 20. Rfc1 Bd8 21. d4 exd4 22. Rg3 Kg7 23. a4 Bg5 24. Rc4 b5 25.
Rxd4 bxa4 26. Qa2 Bf6 27. Qxa4 Qxa4 28. Rxa4 Rxb2 29. Rf3 Rbb8 30. Rxa7 Rbe8 31. Rd7 Rd8 32. Ra7 Rde8 33. g3 Re7 34. Ra6 Be5 35. Rb3 Rc8 36.
Ra2 Rc1+ 37. Kg2 Rec7 38. Rf3 Bf6 39. Rb3 Re1 40. Ra6 Rd7 41. Ra8 Re2 42. Kf1 Rd2 43.
Rf3 Bd4 44. Ra2 Rxa2 45. Bxa2 Be5 46. Bd5 Rc7 47. Kg2 Re7 48. Rb3 Rc7 1/2-1/2

[Event "*** SCC Grand Prix: Titled Tuesday Blitz"]
[Site "Chess.com"]
[Date "2020.07.14"]
[Round "1"]
[White "Matibar"]
[Black "Alopekos"]
[Result "1-0"]
[WhiteElo "2677"]
[BlackElo "2350"]
[TimeControl "180+1"]
[EndTime "10:07:18 PDT"]
[Termination "Matibar won on time"]

1. e4 e5 2. Nf3 Nc6 3. Bb5 a6 4. Ba4 Nf6 5. d3 d6 6. c3 Be7 7.
h3 O-O 8. O-O Re8 9. Nbd2 Bf8 10. Re1 b5 11. Bc2 g6 12. a4 Bb7 13. b4 Bg7 14.
Nb3 h6 15. Be3 Kh7 16. Qb1 Nh5 17. axb5 axb5 18. Rxa8 Bxa8 19. Qa2 Bb7 20. Ra1 Qf6 21. Qb1 Bc8 22. Nbd2 Nd8 23. Ra7 Ne6 24. Bb3 Re7 25.
d4 Nef4 26. Qf1 g5 27. g4 Bh8 28. Ra8 Re8 29. Rxc8 Rxc8 30. gxh5 Nxh5 31. Qg2 Nf4 32. Qg4 Ra8 33. Qd7 Ra1+ 34. Kh2 Ne2 35. Bxf7 Qg7 36. Qf5+ 1-0

[Event "*** SCC Grand Prix: Titled Tuesday Blitz"]
[Site "Chess.com"]
[Date "2020.07.14"]
[Round "1"]
[White "GGfrances"]
[Black "GMKrikor"]
[Result "0-1"]
[WhiteElo "2359"]
[BlackElo "2690"]
[TimeControl "180+1"]
[EndTime "10:07:19 PDT"]
[Termination "GMKrikor won by resignation"]

1. e4 g6 2. d4 Bg7 3. Nc3 d6 4. Be3 a6 5. Qd2 b5 6. f3 Nd7 7.
h4 h5 8. O-O-O Bb7 9. Kb1 Rc8 10. Nge2 c5 11. d5 Ngf6 12. Nf4 Ne5 13. Be2 Qa5 14.
a3 Nfd7 15. Rhe1 Nb6 16. Na2 Qxd2 17. Bxd2 Nbc4 18. Bc1 O-O 19. g4 hxg4 20. fxg4 Nb6 21. h5 g5 22. Ng2 Bf6 23. Ne3 Rc7 24. Nf5 Bc8 25. b3 Bxf5 26. gxf5 Kh7 27. Rg1 Rg8 28. Bb2 Ned7 29. Bc1 Ne5 30. Bb2 Nbd7 31. Nc1 Kh6 32. Rg2 c4 33. Bd4 cxb3 34. cxb3 Rgc8 35. Rdg1 Rc2 36.
Nd3 Nxd3 37. Bxd3 Rxg2 38. Rxg2 Bxd4 0-1

[Event "*** SCC Grand Prix: Titled Tuesday Blitz"]
[Site "Chess.com"]
[Date "2020.07.14"]
[Round "1"]
[White "VALPARAISO37"]
[Black "Arjun2002"]
[Result "0-1"]
[WhiteElo "2333"]
[BlackElo "2652"]
[TimeControl "180+1"]
[EndTime "10:07:19 PDT"]
[Termination "Arjun2002 won on time"]

1. d4 d5 2. c4 c6 3. Nc3 Nf6 4. e3 e6 5. Nf3 Nbd7 6. Bd3 dxc4 7. Bxc4 b5 8. Be2 a6 9. e4 Bb7 10. e5 b4 11. exf6 bxc3 12. fxg7 cxb2 13. gxh8=Q bxa1=Q 14. O-O Qxa2 15. Bg5 Qda5 16. Qxh7 Q2d5 17. Qdb1 Rb8 18. Rd1 Ba8 19. Qbg6 e5 20. dxe5 fxg6 21. Rxd5 Qxd5 22. Qxg6+ Qf7 23. Qc2 c5 24. Bc4 Bd5 25. Bxd5 Qxd5 26. h4 Nxe5 27. Qe2 Bd6 28. Bf4 Rb1+ 29. Kh2 Rb4 30. Bxe5 Re4 31. Qxa6 Bxe5+ 32. Nxe5 Qxe5+ 33. Kh3 Qe6+ 34. Qxe6+ Rxe6 35. h5 c4 36. h6 Rxh6+ 0-1

[Event "*** SCC Grand Prix: Titled Tuesday Blitz"]
[Site "Chess.com"]
[Date "2020.07.14"]
[Round "1"]
[White "guillembaches"]
[Black "chito89"]
[Result "1-0"]
[WhiteElo "2428"]
[BlackElo "2799"]
[TimeControl "180+1"]
[EndTime "10:07:20 PDT"]
[Termination "guillembaches won by resignation"]

1. e4 c5 2. Nf3 e6 3. g3 Nc6 4. Bg2 e5 5. O-O Nf6 6. Qe2 d6 7. Nc3 g6 8. Nd5 Bg7 9. c3 O-O 10. d3 Nxd5 11. exd5 Ne7 12. Ne1 b5 13. a4 b4 14. Bd2 a5 15. Nc2 Ba6 16. Ne3 f5 17. Nc4 Rb8 18. f4 Bxc4 19. dxc4 e4 20. cxb4 cxb4 21.
b3 Qb6+ 22. Be3 Bd4 23. Bxd4 Qxd4+ 24. Kh1 Nc8 25. g4 Nb6 26. gxf5 gxf5 27. Rg1 Kh8 28.
Bh3 Nd7 29. Rad1 Qf6 30. Rg5 Nc5 31. Bxf5 Qc3 32. Rg3 Qf6 33. Bxh7 Nd3 34. Bxe4 Nxf4 35. Rdg1 Rbe8 36. Qg4 Qh6 37. Bb1 Re2 38. Qg8+ 1-0

[Event "*** SCC Grand Prix: Titled Tuesday Blitz"]
[Site "Chess.com"]
[Date "2020.07.14"]
[Round "1"]
[White "VMikhalevski"]
[Black "rynos0411"]
[Result "1-0"]
[WhiteElo "2800"]
[BlackElo "2404"]
[TimeControl "180+1"]
[EndTime "10:07:20 PDT"]
[Termination "VMikhalevski won by resignation"]

1. d4 d5 2. c4 c6 3. cxd5 cxd5 4.
Bg5 f6 5. Bd2 e5 6. dxe5 fxe5 7.
e4 Nf6 8. exd5 Qxd5 9. Nc3 Qd8 10. Nf3 Nc6 11. Bb5 Bd6 12. O-O O-O 13. Ng5 Qe7 14.
Bxc6 bxc6 15. Qc2 h6 16. Nge4 Nxe4 17. Nxe4 c5 18. Rfd1 Bf5 19. Qc4+ Kh7 20. Be3 Rad8 21. b3 Be6 22. Qe2 c4 23. bxc4 Qc7 24. c5 Be7 25.
Ng3 Rxd1+ 26. Rxd1 Rd8 27. Rc1 Qc6 28. a3 Rd5 29. h3 Bf7 30. Qc2+ Bg6 31. Qc4 Bf7 32. Kh2 Be6 33. Qe4+ Kg8 34. Qg6 Bd7 35. Qc2 Kf7 36. Nf5 Bf6 37. Nd6+ Kg8 38. Qg6 Qc7 39. Qf7+ Kh7 40.
Qxd5 1-0

[Event "*** SCC Grand Prix: Titled Tuesday Blitz"]
[Site "Chess.com"]
[Date "2020.07.14"]
[Round "1"]
[White "Alexsur1981"]
[Black "brunoo2003"]
[Result "1/2-1/2"]
[WhiteElo "2529"]
[BlackElo "2229"]
[TimeControl "180+1"]
[EndTime "10:07:20 PDT"]
[Termination "Game drawn by repetition"]

1. e4 c5 2. Nc3 Nc6 3. Bb5 g6 4. Bxc6 dxc6 5. d3 e5 6. f4 exf4 7. Bxf4 Bg7 8. Nf3 Nf6 9. Qd2 Bg4 10. O-O Nd7 11. Bh6 O-O 12. Bxg7 Kxg7 13. Qf4 Bxf3 14. Rxf3 Qe7 15. Raf1 Ne5 16. Rg3 f6 17. Nd1 Kh8 18. Ne3 Rad8 19. b3 b5 20. Qh4 c4 21.
bxc4 bxc4 22. dxc4 Rd4 23. Kh1 a5 24. a4 Qe6 25.
Qh6 Qe7 26. Qf4 Nxc4 27. Nxc4 Rxc4 28. Qh6 Qg7 29. Qd2 Qe7 30. Qxa5 Rxe4 31. Rgf3 f5 32. h3 Kg7 33. Qc3+ Qf6 34. Ra1 Qxc3 35. Rxc3 Ra8 36.
a5 Re5 37. a6 Re6 38. Rb3 c5 39.
Rb7+ Kf6 40. a7 Re7 41. Ra6+ Kf7 42. Rxe7+ Kxe7 43. Kh2 Kd7 44. Rf6 Ke7 45. Ra6 Kd7 46.
Rf6 Ke7 47. Rc6 Rxa7 48. Rxc5 Kd6 49. Rc8 Ke5 50. Kg3 Ra3+ 51. c3 h5 52. h4 Ra4 53.
Rc6 Rg4+ 54. Kh3 Kd5 55. Rc8 f4 56. c4+ Kd6 57. Rf8 Kc5 58. Rc8+ Kd6 59. Ra8 Rg3+ 60. Kh2 Rg4 61. Kh3 Rg3+ 62. Kh2 Rg4 63. Kh3 1/2-1/2

[Event "*** SCC Grand Prix: Titled Tuesday Blitz"]
[Site "Chess.com"]
[Date "2020.07.14"]
[Round "1"]
[White "artichaud"]
[Black "Malysch"]
[Result "0-1"]
[WhiteElo "2053"]
[BlackElo "2474"]
[TimeControl "180+1"]
[EndTime "10:07:20 PDT"]
[Termination "Malysch won on time"]

1. e4 d5 2. exd5 Qxd5 3. Nc3 Qd6 4. Nf3 Nf6 5. d4 a6 6. g3 Bg4 7. Bg2 Nc6 8. h3 Bh5 9. g4 Bg6 10. Be3 O-O-O 11. Qe2 e6 12. O-O-O Qb4 13. Ne5 Nxe5 14. dxe5 Nd7 15. f4 Bc5 16. a3 Qb6 17. Bxc5 Nxc5 18.
Rxd8+ Rxd8 19. Rd1 Rxd1+ 20. Nxd1 a5 21. Qf2 f6 22.
exf6 gxf6 23. Qe3 Kb8 24. h4 h6 25. Qd2 Ka7 26. Ne3 a4 27. Nc4 Qb5 28. Qa5+ Qxa5 29.
Nxa5 c6 30. Nc4 Kb8 31. g5 hxg5 32. fxg5 fxg5 33. Ne5 Bf5 34. hxg5 Kc7 35. g6 Kd6 36. g7 Bh7 0-1

[Event "*** SCC Grand Prix: Titled Tuesday Blitz"]
[Site "Chess.com"]
[Date "2020.07.14"]
[Round "1"]
[White "AsaHoffmann"]
[Black "nrvisakh"]
[Result "0-1"]
[WhiteElo "2398"]
[BlackElo "2769"]
[TimeControl "180+1"]
[EndTime "10:07:21 PDT"]
[Termination "nrvisakh won on time"]

1. d4 Nf6 2. Bg5 Ne4 3. Bf4 d5 4. f3 Nf6 5. e4 dxe4 6. Nc3 exf3 7. Nxf3 Bg4 8. Bc4 e6 9. h3 Bh5 10. g4 Bg6 11. Ne5 Be7 12. h4 Be4 13. Nxe4 Nxe4 14.
g5 Nd6 15. Bb3 c5 16. Qf3 Qa5+ 17. Bd2 Qb5 18. a4 Qb6 19. a5 Qc7 20. Ba4+ Kf8 21. O-O Nf5 22. c3 Bd6 23. Bf4 Nc6 24. Bc2 Nxe5 25. dxe5 Bxe5 26. Bxf5 exf5 27. Bxe5 Qxe5 28.
Rae1 Qc7 29. Qxf5 Qg3+ 30. Kh1 Qxh4+ 31. Kg2 Qh5 32. Qxc5+ Kg8 33. Rf4 h6 34. Ref1 Rf8 0-1

[Event "*** SCC Grand Prix: Titled Tuesday Blitz"]
[Site "Chess.com"]
[Date "2020.07.14"]
[Round "1"]
[White "elamier"]
[Black "Ginger_GM"]
[Result "0-1"]
[WhiteElo "2314"]
[BlackElo "2627"]
[TimeControl "180+1"]
[EndTime "10:07:21 PDT"]
[Termination "Ginger_GM won by checkmate"]

1. d4 e6 2. Nf3 f5 3. d5 exd5 4. Qxd5 d6 5. Ng5 Qe7 6. Nxh7 Rxh7 7. Qxg8 Rh4 8. Qb3 Nc6 9. e3 f4 10. Be2 Bd7 11. Nc3 O-O-O 12. Bd2 fxe3 13. Bxe3 Be6 14.
Nd5 Qf7 15. O-O-O Nb4 16. c4 Nxd5 17. cxd5 Bf5 18. Bg5 Be7 19. Bxh4 Bxh4 20. Qa4 Qe7 21. Bg4 Bg5+ 22. f4 Qe3+ 23. Rd2 Bxg4 24. fxg5 Bf5 25. Qd4 Qxg5 26. Rf1 Bh7 27. Qf4 Qg6 28. g4 Qb1# 0-1

[Event "*** SCC Grand Prix: Titled Tuesday Blitz"]
[Site "Chess.com"]
[Date "2020.07.14"]
[Round "1"]
[White "IAgrest"]
[Black "vinniethepooh"]
[Result "0-1"]
[WhiteElo "2221"]
[BlackElo "2552"]
[TimeControl "180+1"]
[EndTime "10:07:21 PDT"]
[Termination "vinniethepooh won by checkmate"]

1. e4 c5 2. Nf3 d6 3. d4 cxd4 4. Nxd4 Nf6 5. Nc3 a6 6. Bg5 e6 7. f4 Nbd7 8. Qf3 Qc7 9. O-O-O b5 10. Bd3 Bb7 11. Rhe1 Be7 12. Kb1 Qb6 13. Nb3 Rc8 14. a3 O-O 15. g4 Nc5 16. f5 Na4 17. Ne2 e5 18. Be3 Qc7 19. g5 Nxe4 20. Bxe4 d5 21. Rc1 dxe4 22. Qg3 Bd5 23. f6 Bxa3 24. bxa3 Qd6 25.
Ka2 Rxc2+ 26. Rxc2 Bxb3+ 27. Kxb3 Qd3+ 28. Rc3 Qd5+ 29. Kc2 Qa2+ 30. Kd1 Rd8+ 31. Bd4 exd4 32. Rc2 Nc3+ 33.
Kd2 e3+ 34. Kd3 Qc4# 0-1

[Event "*** SCC Grand Prix: Titled Tuesday Blitz"]
[Site "Chess.com"]
[Date "2020.07.14"]
[Round "1"]
[White "ailime26"]
[Black "Siniauski"]
[Result "1-0"]
[WhiteElo "1872"]
[BlackElo "2442"]
[TimeControl "180+1"]
[EndTime "10:07:21 PDT"]
[Termination "ailime26 won on time"]

1. e4 Nf6 2. e5 Nd5 3. c4 Nb6 4. d4 d6 5. exd6 cxd6 6. Nc3 Nc6 7. Nf3 g6 8. Be3 Bg7 9. Be2 O-O 10. O-O Bg4 11. b3 d5 12. c5 Nc8 13. Nd2 Bxe2 14.
Nxe2 e6 15. f4 N8e7 16. Nf3 Nf5 17. Bf2 h5 18. Ne5 Rc8 19. Qd2 Bh6 20. Rad1 Nxe5 21. dxe5 b6 22. b4 bxc5 23. Bxc5 Re8 24. Bxa7 Rc4 25.
Bc5 Qa8 26. Rc1 Rd8 27. Rfd1 Re4 28. g3 d4 29. Qd3 Re3 30. Qc4 Qe4 31. Nxd4 Nxg3 32.
Rd3 Qh1+ 33. Kf2 Qxh2+ 34. Kxe3 h4 35. Nf3 1-0

[Event "*** SCC Grand Prix: Titled Tuesday Blitz"]
[Site "Chess.com"]
[Date "2020.07.14"]
[Round "1"]
[White "SantoBlue"]
[Black "ikhasu"]
[Result "0-1"]
[WhiteElo "2767"]
[BlackElo "2417"]
[TimeControl "180+1"]
[EndTime "10:07:22 PDT"]
[Termination "ikhasu won by resignation"]

1. e4 e5 2. Nf3 Nc6 3. Nc3 Nf6 4. d4 exd4 5. Nxd4 Bb4 6. Nxc6 bxc6 7. Bd3 O-O 8. O-O d5 9. exd5 cxd5 10. h3 c6 11. Qf3 Bd6 12. Bf4 Rb8 13. b3 Qc7 14. Ne2 Re8 15.
Rae1 c5 16. Bxd6 Qxd6 17. Ng3 Be6 18. Nh5 Nxh5 19. Qxh5 g6 20. Qg5 c4 21. Be2 Qa3 22. bxc4 dxc4 23. Bg4 Bxg4 24. hxg4 Qxa2 25. Ra1 Qxc2 26.
Rxa7 Rb1 27. Ra1 Rxa1 28. Rxa1 Qb2 29. Rd1 c3 30. Rd8 Qb1+ 31. Kh2 Qe4 32. f3 Qc6 33. Qe7 Rxd8 34. Qxd8+ Kg7 35. Qd4+ Qf6 36. Qc5 Qf4+ 37. Kh3 Qf6 38. Kh2 h5 39. g5 Qf4+ 40. Kh3 Qf5+ 0-1

[Event "*** SCC Grand Prix: Titled Tuesday Blitz"]
[Site "Chess.com"]
[Date "2020.07.14"]
[Round "1"]
[White "praveenb2002"]
[Black "random_mango"]
[Result "1-0"]
[WhiteElo "2734"]
[BlackElo "2387"]
[TimeControl "180+1"]
[EndTime "10:07:22 PDT"]
[Termination "praveenb2002 won by resignation"]

1. d4 d5 2. c4 c6 3. Nf3 Nf6 4. Nc3 a6 5. c5 Nbd7 6. Bf4 Nh5 7. Bd2 Nhf6 8. Qc2 e5 9. dxe5 Ng4 10.
Na4 Rb8 11. Bf4 Nxc5 12. Nxc5 Qa5+ 13. Qc3 Qxc5 14. e3 Be6 15. h3 Nh6 16. Bd3 Rd8 17.
O-O Nf5 18. Qb3 Qb4 19. Qc2 g6 20. Bg5 Be7 21. a3 Qb6 22. Bf6 Bxf6 23. exf6 O-O 24. g4 Nd6 25. Nd4 Bc8 26. b4 Rfe8 27. Qe2 Ne4 28. Qf3 c5 29. Bxe4 dxe4 30. bxc5 Qxc5 31.
Qf4 Qe5 32. Qxe5 Rxe5 33. Rfc1 h5 34. Kg2 hxg4 35. hxg4 Bxg4 36. Kg3 Bh5 37. Rc7 Rdd5 38. Kf4 g5+ 39. Kg3 Rd6 40. Rh1 g4 41. Re7 Rg5 42. Kf4 Rdd5 43. Rxb7 Kh7 44. Rxf7+ Kg6 45. Rf8 g3 46.
Kxe4 gxf2 47. Rf1 Rg2 48. Kxd5 1-0

[Event "*** SCC Grand Prix: Titled Tuesday Blitz"]
[Site "Chess.com"]
[Date "2020.07.14"]
[Round "1"]
[White "LilRag"]
[Black "fish7728"]
[Result "1-0"]
[WhiteElo "2515"]
[BlackElo "2177"]
[TimeControl "180+1"]
[EndTime "10:07:22 PDT"]
[Termination "LilRag won by resignation"]

1. Nf3 Nf6 2. d4 d5 3. c4 c6 4. Nc3 e6 5. cxd5 exd5 6. Bf4 Bd6 7. Bxd6 Qxd6 8. e3 O-O 9. Be2 Nbd7 10. O-O Ne4 11.
Nxe4 dxe4 12. Nd2 Nf6 13. Rc1 Be6 14. a3 Bd5 15. Bc4 Rac8 16. Qb3 b6 17. h3 h5 18. Rc2 Rc7 19. Rfc1 Rfc8 20. Rc3 Qe7 21. Qc2 Ne8 22. b4 b5 23. Bxd5 cxd5 24. Rc5 Qd6 25. Nb3 a6 26. Qe2 g6 27. R1c3 Rxc5 28. dxc5 Qd7 29.
Nd4 Nc7 30. Qc2 Ne6 31. c6 Qd6 32. Nxe6 Qxe6 33. c7 Qd7 34. Rc6 Kg7 35. Qc5 Kh7 36. Qb6 d4 37. exd4 e3 38. fxe3 Qe7 39. d5 h4 40. Qd4 g5 41. d6 Qe6 1-0